 Dungeon Crawl Stone Soup version 0.19.5 (webtiles) character file.

275 Jerry the Cudgeler (level 6, 0/37 HPs)
             Began as a Gargoyle Gladiator on Apr 24, 2017.
             Slain by Grinder (1 damage)
             ... while paralysed by Grinder
             ... on level 3 of the Dungeon.
             The game lasted 00:08:09 (3515 turns).

Jerry the Cudgeler (Gargoyle Gladiator)             Turns: 3515, Time: 00:08:09

Health: 0/37       AC:  8    Str: 18 (19) XL:     6   Next: 25%
Magic:  6/6        EV:  2    Int:  7 (8)  God:
Gold:   113        SH:  0    Dex: 10 (12) Spells: 0 memorised, 5 levels left

rFire  . . .     SeeInvis .     a - +0 flail
rCold  . . .     Gourm    .     j - +0 leather armour (curse)
rNeg   + . .     Faith    .     (no shield)
rPois  ∞         Spirit   .     c - +0 helmet
rElec  +         Reflect  .     (no cloak)
rCorr  .         Harm     .     (no gloves)
MR     .....                    (no boots)
Stlth  +.........               (no amulet)
                                (no ring)
                                (no ring)

@: paralysed, very slightly contaminated, hasted
A: negative energy resistance 1, electricity resistance, unbreathing,
petrification resistance, rot immunity, AC +4
a: no special abilities


You were on level 3 of the Dungeon.
You were not hungry.

You visited 1 branch of the dungeon, and saw 3 of its levels.

You collected 113 gold pieces.

Inventory:

Hand Weapons
 a - a +0 flail (weapon)
Armour
 b - a +0 leather armour
 c - a +0 helmet (worn)
 g - a +0 chain mail
 j - a cursed +0 leather armour (worn)
Scrolls
 e - a scroll of identify
 q - a scroll of random uselessness {unknown}
Potions
 i - a potion of brilliance
 m - a potion of flight
Comestibles
 f - 5 bread rations
 k - 4 fruits
 l - 2 chunks of flesh
 p - a meat ration


   Skills:
 + Level 3.5 Fighting
 * Level 4.8 Maces & Flails
 + Level 3.0 Throwing
 + Level 2.7 Armour
 - Level 2.4 Dodging


You had 5 spell levels left.
You didn't know any spells.

Dungeon Overview and Level Annotations

Branches:
Dungeon (3/15)

Altars:
Ashenzari
Ru

Annotations:
D:3 Grinder


Innate Abilities, Weirdness & Mutations

You are resistant to torment.
Your stone body is resilient. (AC +4)
You are immune to poison.
You resist negative energy. (rN+)
You are resistant to electric shocks. (rElec)
You can survive without breathing.
You are immune to petrification.
You are immune to rotting.


Message History

You shrug off the repeated paralysis!
You closely miss Grinder.
Grinder is lightly wounded.
Grinder gestures at you. Pain shoots through your body!
* * * LOW HITPOINT WARNING * * *
It was a potion of magic.
Magic courses through your body. Grinder closely misses you.
It was a potion of degeneration.
There was something very wrong with that liquid.
You feel weakened.
You feel dopey.
You feel clumsy. Grinder barely misses you.
You hit Grinder.
Grinder is moderately wounded.
Grinder gestures at you.
You suddenly lose the ability to move!
Grinder hits you.
* * * LOW HITPOINT WARNING * * *
You writhe in agony.
You die...

......# .#
######.####≈ #.###.# #
............#. #.#
..#####...###≈ #.# ###
.. #.....##H #.. #..
.. ##...###≈ ### #.#
.# ##.## #. # #.# .#
#.# ## #.##.###(# #.#
#(..5@...# ##'##
####.##### ##...##
#.##### ##.....##
#.....# ##...)...##
#####....###.........#
...........+.........'
#####....###.........#
###.#.####.......##
#...<...###.....##


You could see Grinder.

Vanquished Creatures
  Purgy (D:3)
  An orc wizard (D:2)
  Jessica (D:3)
  2 adders
  4 gnolls
  A worm (D:2)
  2 dart slugs (D:1)
  4 orcs
  3 ball pythons
  3 bats
  4 giant cockroaches
  8 goblins
  4 hobgoblins
  5 jackals (D:1)
  5 kobolds
  2 quokkas (D:2)
  4 frilled lizards
  12 rats
66 creatures vanquished.

Notes
Turn   | Place    | Note
-------+----------+-------------------------------------------
     0 | D:1      | Jerry the Gargoyle Gladiator began the quest for the Orb.
     0 | D:1      | Reached XP level 1. HP: 12/12 MP: 1/1
    40 | D:1      | Reached XP level 2. HP: 16/18 MP: 2/2
   382 | D:1      | Reached skill level 1 in Armour
   500 | D:1      | Reached XP level 3. HP: 22/22 MP: 3/3
  1493 | D:3      | Reached XP level 4. HP: 27/27 MP: 4/4
  1517 | D:3      | Noticed Purgy
  1536 | D:3      | Killed Purgy
  1536 | D:3      | Reached skill level 4 in Maces & Flails
  1536 | D:3      | Reached XP level 5. HP: 25/32 MP: 5/5
  3010 | D:3      | Reached XP level 6. HP: 36/37 MP: 6/6
  3170 | D:3      | Found a sacrificial altar of Ru.
  3274 | D:3      | Noticed Jessica
  3284 | D:3      | Killed Jessica
  3393 | D:3      | Found a shattered altar of Ashenzari.
  3397 | D:3      | Saw a vision of the Shoals and the Spider Nest.
  3397 | D:3      | Noticed a siren
  3397 | D:3      | Noticed a siren
  3397 | D:3      | Noticed a hippogriff
  3397 | D:3      | Noticed a merfolk
  3397 | D:3      | Noticed a redback
  3397 | D:3      | Noticed a sea snake
  3397 | D:3      | Noticed a redback
  3397 | D:3      | Noticed a sea snake
  3397 | D:3      | Noticed a redback
  3397 | D:3      | Noticed a siren
  3397 | D:3      | Noticed a wolf spider
  3398 | D:3      | Noticed a merfolk
  3398 | D:3      | Noticed a hippogriff
  3398 | D:3      | Noticed a redback
  3399 | D:3      | Noticed a hippogriff
  3492 | D:3      | Noticed Grinder
  3492 | D:3      | Paralysed by Grinder for 3 turns
  3506 | D:3      | Paralysed by Grinder for 3 turns
  3514 | D:3      | Paralysed by Grinder for 4 turns
  3515 | D:3      | HP: 1/37 [Grinder (4)]
  3515 | D:3      | Slain by Grinder

Skill      XL: |  1  2  3  4  5  6 |
---------------+-------------------+-----
Throwing       | 2 3 |  3.0
Armour         | 1 2 |  2.7
Fighting       | 3 |  3.5
Maces & Flails | 4 |  4.8
Dodging        | |  2.4

Action                   |  1- 3 |  4- 6 || total
-------------------------+-------+-------++-------
Melee: Flail             |   155 |   141 ||   296
Throw: Throwing net      |       |     7 ||     7
  Use: Scroll            |       |     4 ||     4
       Potion            |       |     3 ||     3
 Stab: Sleeping          |     1 |       ||     1
       Held in net/web   |       |     2 ||     2
  Eat: Chunk             |     2 |     5 ||     7
       Beef jerky        |       |     1 ||     1
Armor: Leather armour    |    94 |    66 ||   160
Dodge: Dodged            |   143 |   118 ||   261
